[Event "Charlotte CC Fall GM-Open 2024"]
[Site "Charlotte"]
[Date "2024.11.25"]
[Round "6.1"]
[White "Aarav Dengla"]
[Black "Bruzon Batista, Lazaro"]
[Result "0-1"]
[ECO "B13"]
[WhiteElo "2390"]
[BlackElo "2578"]
[Annotator "TA"]
[PlyCount "116"]
[EventDate "2024.11.22"]
[EventType "tourn"]
[EventCountry "USA"]
[SourceTitle "playchess.com"]
[Source "ChessBase"]
[SourceQuality "1"]
[TimeControl "5400+30"]

1. e4 c6 2. d4 d5 3. exd5 cxd5 4. Bd3 Nc6 5. c3 e6 6. Bf4 Bd6 7. Bxd6 Qxd6 8. Qg4 {[%emt 0:01:30] White has an edge.} Kf8 9. Qg3 Qxg3 10. hxg3 Nge7 11. Na3 (11. Rxh7 $2 Rxh7 12. Bxh7 g6 $19) 11... f6 12. O-O-O (12. Bxh7 $2 g6 13. Rh3 e5 $19 (13... Kg7 $2 14. Bxg6 Nxg6 15. Rxh8 $19)) 12... g6 13. f4 Kg7 14. Nf3 a6 15. g4 e5 $1 16. fxe5 fxe5 17. dxe5 Bxg4 18. Rde1 (18. Be2 $1 $11) 18... Bxf3 $1 $17 19. gxf3 Rhf8 20. Rh3 Rf4 21. Nc2 Raf8 22. Re3 h5 23. Ne1 (23. Kd2 $142) 23... d4 24. Re2 dxc3 25. bxc3 Kh6 (25... b5 $17 26. a3 Ra4) 26. Be4 $15 Nxe5 27. Bxb7 N7c6 28. Kc2 (28. Bxa6 $15 Nxf3 29. Nxf3 Rxf3 30. Rxf3 Rxf3 31. Kc2) 28... R8f6 {[%emt 0:05:00] Black is more active.} 29. Bxc6 Nxc6 30. Nd3 Rxf3 31. Rxf3 Rxf3 $17 {[%emt 0:00:02][%mdl 4096] Endgame. KRN-KRN} 32. Re6 {[%emt 0:00:11] Wards off Rf6} Nd8 33. Rxa6 Nf7 34. Kd2 h4 35. Ke2 Rg3 36. Rf6 $1 Ng5 {[%emt 0:04:23] Hoping for ...h3.} 37. Rf4 h3 {[%emt 0:02:09] ...Kg7 is the strong threat.} 38. a4 $2 {[%emt 0:01:53][%mdl 8192] Black continues to play with concentration.} (38. Nf2 $15) 38... Kg7 $1 $19 {[%emt 0:01:01] aiming for ...h2.} 39. Nf2 Rxc3 $2 (39... h2 $1 $19 40. Rh4 Nh3 (40... Rxc3 41. Rxh2 Nf3 42. Rg2 $11)) 40. Rh4 (40. Kf1 $17) 40... Ra3 (40... Nf3 $142 $1 41. Re4 h2) 41. Nd3 $2 (41. Rb4 {was called for.}) 41... Ra1 $2 ({Black should try} 41... h2 $19 {[%cal Oa3a4] ...Rxa4! would now be deadly.} 42. Ke3 Nf7 (42... Ra2 $2 43. a5 $19)) 42. Kf2 $2 (42. Nf2 $1 $15) 42... h2 43. Kg2 (43. Rxh2 $19 Ra2+ (43... Rxa4 44. Kf1 $11) 44. Kg3 Ne4+ (44... Rxa4 45. Nf2 $11) 45. Kh3) 43... Rg1+ {[%emt 0:00:16] Black mates.} 44. Kxh2 Nf3+ 45. Kh3 Rh1+ 46. Kg2 Rxh4 ({Worse is} 46... Nxh4+ 47. Kxh1 Nf5 48. Kg2 $11) 47. Kxf3 Rxa4 {[%emt 0:00:04] KR-KN} 48. Nf4 Kf6 49. Nd5+ Ke5 50. Ne3 Ra3 51. Kf2 Ke4 52. Ng2 g5 53. Ne1 Kf4 54. Ng2+ Kg4 55. Ne3+ {[%emt 0:00:02] [#]} Rxe3 $1 56. Kxe3 {[%emt 0:00:06] [#]} Kg3 $1 57. Ke2 g4 58. Kf1 {[%emt 0:00:06] [#]} Kh2 $1 {[%emt 0:00:04] Weighted Error Value: White=0.53/Black=0.32.  Loses game:     	White=3     	---        Missed win:     	---       	Black=2      Mistake:       	White=5     	Black=2      Inaccurate:     	White=2     	Black=1      OK:         	White=8     	Black=14     Best:        	White=4     	Black=2      Strong:       	White=1     	Black=3} 0-1

[Event "Charlotte CC Fall GM-Open 2024"]
[Site "Charlotte"]
[Date "2024.11.25"]
[Round "6.2"]
[White "Lee, Alice"]
[Black "Chen, Ryo"]
[Result "1-0"]
[ECO "A15"]
[WhiteElo "2398"]
[BlackElo "2435"]
[Annotator "TA"]
[PlyCount "125"]
[EventDate "2024.11.22"]
[EventType "tourn"]
[EventCountry "USA"]
[SourceTitle "playchess.com"]
[Source "ChessBase"]
[SourceQuality "1"]
[TimeControl "5400+30"]

1. Nf3 Nf6 2. c4 g6 3. g3 Bg7 4. Bg2 O-O 5. O-O c6 6. b3 d6 7. Bb2 e5 8. d3 Re8 9. e4 a5 10. Nc3 Bg4 11. h3 Bxf3 12. Qxf3 Na6 13. Rab1 Nc5 14. Ne2 h5 15. h4 Qd7 16. Rfd1 Rad8 17. Bc3 Qc7 18. Bd2 Ne6 19. Rdc1 Qd7 20. a3 Ra8 21. Rb2 Red8 22. Bc3 Ng4 23. Rd1 Rf8 24. d4 f5 25. d5 Nc5 26. dxc6 bxc6 27. exf5 e4 28. Qf4 Nd3 29. Rxd3 exd3 30. Nd4 Rxf5 31. Qe4 Raf8 32. f3 Re8 33. Qxd3 Ne5 (33... Re3 $19 34. Qd2 Rf8 (34... Bxd4 35. Qxd4 Rxc3 36. Qxc3 $11) 35. fxg4 Rxg3 36. gxh5 Qg4 37. Nxc6 Bxc3 (37... Rxc3 $2 38. hxg6 Qxh4 39. Rb1 $19) 38. Qd5+ Kh8) 34. Qd1 (34. Qb1 $17 {might work better.}) 34... Rff8 $19 35. f4 (35. Rf2 $142) 35... c5 (35... Ng4 36. Bxc6 Qa7 (36... Bxd4+ $2 37. Qxd4 $18) 37. Bxe8 Rxe8 38. Rd2) (35... Qg4 $1 $19 {[%cal Rg4d1] has better winning chances.} 36. Ne2 (36. Qxg4 $2 Nxg4 37. Rd2 Re1+ 38. Bf1 Rfe8 $19) 36... Nf3+ 37. Bxf3 Qxf3 38. Bxg7 Kxg7) 36. Bd5+ {[%emt 0:04:56] [#]} (36. fxe5 $17 cxd4 37. Qxd4 Bxe5 (37... Rxe5 38. Qd2 $17) 38. Qd2) 36... Kh7 $2 ({Better is} 36... Nf7 $1 $19 37. Nb5 Re3) 37. Ne6 $1 $11 Rxe6 38. Bxe6 Qxe6 39. fxe5 dxe5 40. Rf2 Qh3 41. Rg2 Qf5 42. Bxa5 e4 43. Kh2 $1 Bd4 44. b4 Qf3 45. Qe2 g5 46. Bc7 cxb4 (46... Qxa3 $2 47. Qxh5+ (47. hxg5 Qf3 $18) 47... Kg8 48. Qxg5+ Kh7 49. Qh5+ Kg7 50. Qg4+ (50. Be5+ Bxe5 51. Qxe5+ Kg8 $18) 50... Kh8 51. Qxe4 $18) 47. axb4 gxh4 48. gxh4 Be3 49. Bg3 (49. c5 $5 Bf4+ $8 50. Bxf4 Rxf4 (50... Qxf4+ 51. Rg3 $11) 51. Kg1 (51. Qxf3 exf3 52. Rf2 Rxb4 $11) 51... Rxh4 52. Qxf3 exf3 53. Rb2 f2+ 54. Rxf2 (54. Kxf2 Rh2+ 55. Ke3 Rxb2 56. Ke4 Rxb4+ 57. Kd5 Rb2 58. Kd6 h4 59. c6 h3 60. c7 Rc2 61. Kd7 h2 62. c8=Q Rxc8 63. Kxc8 h1=Q 64. Kc7 Qd5 65. Kb6 Kg7 66. Ka7 Kf6 67. Ka6 Ke6 68. Kb6 Kd7 69. Ka7 Kc6 70. Kb8 Qb3+ 71. Kc8 Qg8#) 54... Rxb4 55. Rc2 $11) 49... Rg8 50. Qxf3 exf3 51. Rc2 Rg4 52. Kh3 Kg6 53. c5 (53. b5 $11 Bc5 54. b6 Bxb6 55. c5) 53... f2 $14 54. Bxf2 Bxf2 55. Rxf2 Rxb4 56. Rc2 Rb7 $2 (56... Rb3+ $11 57. Kh2 Rb7) 57. c6 $18 Rc7 {[%emt 0:00:00] [#]} 58. Rc5 $1 Kf7 59. Kg3 $1 ({Not} 59. Rxh5 Rxc6 60. Rb5 Kg6 $11) 59... Ke6 60. Rxh5 Kd6 61. Rh6+ Ke5 62. Rg6 Kf5 63. Rg5+ 1-0

[Event "Charlotte CC Fall GM-Open 2024"]
[Site "Charlotte"]
[Date "2024.11.25"]
[Round "6.3"]
[White "Lohia, Sohum"]
[Black "Han, Johnathan"]
[Result "1/2-1/2"]
[ECO "B92"]
[WhiteElo "2391"]
[BlackElo "2330"]
[Annotator "RC"]
[PlyCount "60"]
[EventDate "2024.11.22"]
[EventType "tourn"]
[EventCountry "USA"]
[SourceTitle "playchess.com"]
[Source "ChessBase"]
[SourceQuality "1"]
[TimeControl "5400+30"]

1. e4 c5 2. Nf3 d6 3. d4 cxd4 4. Nxd4 Nf6 5. Nc3 a6 6. Be2 e5 7. Nf3 Be7 8. Bg5 Be6 9. Bxf6 Bxf6 10. O-O Be7 11. Nd5 Nd7 12. Nxe7 Qxe7 13. Qd2 Nf6 14. Qe3 Rc8 15. c3 O-O 16. Rfd1 Bd7 17. Nd2 Bc6 18. Bf3 Rfd8 19. Nc4 b5 20. Na5 Ba8 21. a4 d5 22. exd5 Nxd5 23. Bxd5 Bxd5 24. axb5 axb5 25. b3 Qc7 26. c4 Be6 27. Rxd8+ Rxd8 28. h3 bxc4 29. Nxc4 Bxc4 30. Rc1 Rd4 1/2-1/2

[Event "Charlotte CC Fall GM-Open 2024"]
[Site "Charlotte"]
[Date "2024.11.25"]
[Round "6.4"]
[White "Cordova, Emilio"]
[Black "Kunka, Harshid"]
[Result "0-1"]
[ECO "A11"]
[WhiteElo "2525"]
[BlackElo "2347"]
[Annotator "RC"]
[PlyCount "122"]
[EventDate "2024.11.22"]
[EventType "tourn"]
[EventCountry "USA"]
[SourceTitle "playchess.com"]
[Source "ChessBase"]
[SourceQuality "1"]
[TimeControl "5400+30"]

1. Nf3 d5 2. g3 c6 3. Bg2 Bg4 4. h3 Bh5 5. O-O Nd7 6. d3 Ngf6 7. c4 e6 8. Nc3 Bc5 9. cxd5 exd5 10. Qb3 Bb6 11. Na4 O-O 12. Nxb6 axb6 13. g4 Bg6 14. Nd4 Re8 15. f4 c5 16. Nf3 h6 17. Rf2 Qc7 18. f5 Bh7 19. g5 hxg5 20. Nxg5 c4 21. Qc3 b5 22. b4 Qb6 23. d4 Re7 24. Bd2 Rae8 25. Re1 Ne4 26. Bxe4 dxe4 27. Be3 Nf6 28. Ref1 Nd5 29. Qc1 f6 30. Nxh7 Kxh7 31. Rg2 Rd8 32. Rd1 c3 33. Bf2 e3 34. Bg3 Re4 35. Kh2 Rxd4 36. Rdg1 Rd7 37. Qf1 Qc6 38. Qf3 Nf4 39. Qxc6 bxc6 40. Bxf4 Rxf4 41. Rc1 Rc4 42. Rg4 Rxg4 43. hxg4 Rd2 44. Rxc3 Rxe2+ 45. Kg3 Rxa2 46. Rxc6 Rb2 47. Re6 e2 48. Re8 g6 49. fxg6+ Kxg6 50. Kf3 Rxb4 51. Rxe2 Kg5 52. Rd2 Rf4+ 53. Ke3 Kxg4 54. Rd6 Rf5 55. Rb6 Kg5 56. Rb8 Re5+ 57. Kd4 Kf5 58. Kd3 Rd5+ 59. Ke3 Ke6 60. Ke4 f5+ 61. Kf4 Kd6 0-1

[Event "Charlotte CC Fall GM-Open 2024"]
[Site "Charlotte"]
[Date "2024.11.25"]
[Round "6.5"]
[White "Zhou, Jianchao"]
[Black "Putnam, Liam"]
[Result "1/2-1/2"]
[ECO "D38"]
[WhiteElo "2581"]
[BlackElo "2402"]
[Annotator "TA"]
[PlyCount "64"]
[EventDate "2024.11.22"]
[EventType "tourn"]
[EventCountry "USA"]
[SourceTitle "playchess.com"]
[Source "ChessBase"]
[SourceQuality "1"]
[TimeControl "5400+30"]

1. d4 Nf6 2. c4 e6 3. Nf3 d5 4. Nc3 Bb4 5. Qa4+ Nc6 6. e3 O-O 7. Qc2 Re8 8. Bd2 Bd6 9. c5 Bf8 10. Bb5 Bd7 11. Bxc6 Bxc6 12. Ne5 Bd7 13. O-O c6 14. f4 b6 15. b4 Qc7 16. Rfc1 bxc5 17. bxc5 Reb8 18. Be1 g6 19. Rab1 Be8 20. Rxb8 Rxb8 21. Rb1 Be7 22. Rxb8 Qxb8 23. Bh4 Kf8 24. Qb3 Qc7 25. g4 h6 26. a3 Qc8 27. Qa4 Qc7 28. Bg3 Qb7 {[%emt 0:02:08] The position is equal.} 29. Qb4 Qc8 30. Qa4 Qb7 31. Qb4 Qc8 32. Qa4 Qb7 {[%emt 0:00:26] Weighted Error Value: White=0.07 (flawless) /Black=0.08 (flawless) .  Inaccurate:     	White=2     	Black=1      OK:         	White=8     	Black=9      Best:        	White=1     	Black=1} 1/2-1/2